 Dungeon Crawl Stone Soup version 0.20-a0-738-gb057e68 (webtiles) character file.

111 Gorglomux the Cutter (level 4, -1/33 HPs)
             Began as a Demonspawn Wanderer on Feb 23, 2017.
             Slain by Sigmund
             ... wielding a +0 scythe
              (5 damage)
             ... on level 4 of the Dungeon.
             The game lasted 00:04:36 (2162 turns).

Gorglomux the Cutter (Demonspawn Wanderer)          Turns: 2162, Time: 00:04:37

Health: -1/33      AC:  6    Str: 15    XL:     4   Next: 62%
Magic:  0/4        EV: 10    Int: 12    God:
Gold:   172        SH:  0    Dex: 14    Spells: 3/3 levels left

rFire    . . .     SeeInvis .   k - +4 short sword
rCold    . . .     Gourm    .   d - +0 ring mail
rNeg     . . .     Faith    .   (no shield)
rPois    .         Spirit   +   (no helmet)
rElec    .         Reflect  .   (no cloak)
rCorr    +         Harm     .   (no gloves)
MR       .....                  s - +0 pair of boots
Stlth    ++........             (no amulet)
Regen    0.2/turn               (no ring)
MPRegen  0.1/turn               g - ring of resist corrosion

@: exhausted, slowed, very slow
A: thin skeletal structure 1, magic shield
a: no special abilities


You were on level 4 of the Dungeon.
You were not hungry.

You visited 1 branch of the dungeon, and saw 4 of its levels.

You collected 172 gold pieces.

Inventory:

Hand Weapons
 a - a +2 dagger
 c - a +0 falchion
 k - a +4 short sword (weapon)
Armour
 d - a +0 ring mail (worn)
 s - a +0 pair of boots (worn)
Jewellery
 g - a ring of resist corrosion (left hand)
Scrolls
 j - a scroll of blinking {unknown}
 n - a scroll of magic mapping {unknown}
 o - a scroll of enchant armour {unknown}
 p - a scroll of immolation {unknown}
 q - a scroll of identify {unknown}
 t - 2 scrolls of fear
 T - a scroll of teleportation
Potions
 h - 2 potions of haste {unknown}
 i - 2 potions of agility {unknown}
 l - 2 potions of lignification {unknown}
 m - a potion of curing
 r - 2 potions of flight {unknown}
Comestibles
 f - a bread ration


   Skills:
 - Level 2.0 Fighting
 + Level 2.7 Short Blades
   Level 1.7(1.9) Axes
   Level 1.0(1.5) Polearms
 - Level 1.8 Throwing
 - Level 2.3 Armour
 - Level 1.0 Dodging
 - Level 1.8 Stealth


You had 3 spell levels left.
You didn't know any spells.

Dungeon Overview and Level Annotations

Branches:
Dungeon (4/15)
 Temple: D:4-7

Altars:
Qazlal

Annotations:
D:4 Sigmund


Innate Abilities, Weirdness & Mutations

You have a somewhat thin skeletal structure. (Dex +2, Stealth)
When hurt, damage is shared between your health and your magic reserves.


Message History

Sigmund is almost dead.
Sigmund hits you with a scythe.
* * * LOW HITPOINT WARNING * * *
You barely miss Sigmund.
Sigmund is almost dead.
Sigmund laughs darkly.
Sigmund casts a spell.
Sigmund flickers and vanishes!
You closely miss something.
You hear some strange, mumbled words.
A puff of flame appears from out of thin air!
The puff of flame hits you!
* * * LOW HITPOINT WARNING * * *
You feel better. Something hits you!
* * * LOW HITPOINT WARNING * * *
You hit something but do no damage. Something hits you but does no damage.
You hit something. Something hits you.
* * * LOW HITPOINT WARNING * * *
You miss something. Something hits you.
You die...

. ...
.....#############
.%......{@........
.....###...#######
... ###...### .
###...# ###.# #


There were no monsters in sight!

Vanquished Creatures
  An adder (D:3)
  A river rat (D:3)
  4 dart slugs
  3 worms
  A leopard gecko (D:2)
  A ball python (D:1)
  5 bats
  A giant cockroach (D:3)
  18 goblins
  7 hobgoblins (D:2)
  3 jackals (D:1)
  13 kobolds
  A quokka (D:3)
  4 frilled lizards
  9 rats
72 creatures vanquished.

Notes
Turn   | Place    | Note
-------+----------+-------------------------------------------
     0 | D:1      | Gorglomux the Demonspawn Wanderer began the quest for the Orb.
     0 | D:1      | Gorglomux set off with: a +2 dagger, a potion of berserk rage, a +0 falchion, a +0 ring mail, a bread ration
     0 | D:1      | Reached XP level 1. HP: 15/15 MP: 1/1
    57 | D:1      | Gained mutation: When hurt, damage is shared between your health and your magic reserves. [demonic ancestry]
    57 | D:1      | Reached XP level 2. HP: 21/21 MP: 2/2
   336 | D:1      | Gained mutation: You have a somewhat thin skeletal structure. (Dex +2, Stealth) [demonic ancestry]
   336 | D:1      | Reached XP level 3. HP: 26/27 MP: 3/3
   533 | D:2      | Reached skill level 1 in Dodging
   732 | D:2      | Reached skill level 1 in Short Blades
   904 | D:2      | Reached XP level 4. HP: 21/33 MP: 2/4
  1133 | D:3      | Found a stormy altar of Qazlal.
  1353 | D:3      | Found a glowing drain.
  1981 | D:4      | Noticed Sigmund
  2162 | D:4      | Slain by Sigmund

Vault maps used:
D:1:      lightli_arrival_maybe_door_vault
D:2:      cheibrodos_greedy_goblins
D:3:      grunt_qazlal_sundering, portal_sewer_entry_c
D:4:      uniq_sigmund

Skill      XL: |  1  2  3  4 |
---------------+-------------+-----
Armour         | 2 |  2.3
Fighting       | 2 |  2.0
Dodging        | 1 |  1.0
Short Blades   | 1 2 |  2.7
Axes           | |  1.7
Polearms       | |  1.0
Throwing       | |  1.8
Stealth        | |  1.8

Action                   |  1- 3 |  4- 6 || total
-------------------------+-------+-------++-------
Melee: Dagger            |    45 |       ||    45
       Short sword       |    90 |    71 ||   161
  Use: Potion            |       |     3 ||     3
       Scroll            |       |     2 ||     2
 Stab: Sleeping          |     4 |     4 ||     8
       Distracted        |       |     1 ||     1
  Eat: Chunk             |       |     4 ||     4
Armor: Ring mail         |    39 |    22 ||    61
Dodge: Dodged            |    67 |    36 ||   103
